 Dungeon Crawl Stone Soup version 0.23-a0-582-g1b4a0ca (webtiles) character file.

462 AverageBear the Cleaver (level 6, -2/55 HPs)
             Began as a Deep Dwarf Fighter on Dec 16, 2018.
             Slain by a phantom (5 damage)
             ... on level 4 of the Dungeon.
             The game lasted 00:03:53 (2674 turns).

AverageBear the Cleaver (Deep Dwarf Fighter)        Turns: 2674, Time: 00:03:54

Health: -2/55      AC:  9    Str: 22    XL:     6   Next: 79%
Magic:  13/13      EV:  7    Int:  8    God:
Gold:   159        SH:  9    Dex: 12    Spells: 5/5 levels left

rFire    . . .     SeeInvis .   a - +0 war axe
rCold    . . .     Gourm    .   c - +0 shield
rNeg     . . .     Faith    .   b - +0 scale mail
rPois    .         Spirit   .   (no helmet)
rElec    .         Reflect  .   (no cloak)
rCorr    .         Harm     .   e - +0 pair of gloves (curse)
MR       .....     Rnd*Tele +   n - +0 pair of boots
Stlth    ..........             (no amulet)
HPRegen  0.00/turn              l - ring of teleportation (curse)
MPRegen  0.13/turn              t - ring of magical power

@: non-regenerating
A: damage resistance, heal wounds, sense surroundings 1, no regeneration
a: Heal Wounds


You were on level 4 of the Dungeon.
You were not hungry.

You visited 1 branch of the dungeon, and saw 4 of its levels.

You collected 159 gold pieces.

Inventory:

Hand Weapons
 a - a +0 war axe (weapon)
Armour
 b - a +0 scale mail (worn)
 c - a +0 shield (worn)
 e - a cursed +0 pair of gloves (worn)
 n - a +0 pair of boots (worn)
 x - a +2 robe of resistance
Jewellery
 l - a cursed ring of teleportation (left hand)
 t - a ring of magical power (right hand)
 u - an uncursed ring of magical power
Wands
 w - a wand of flame (9)
Scrolls
 g - 3 scrolls of teleportation
 i - a scroll of blinking
 k - 3 scrolls of identify
 o - 2 scrolls of enchant armour {unknown}
 p - a scroll of amnesia
 q - a scroll of enchant weapon
Potions
 d - a potion of might
 j - a potion of flight
 m - a potion of brilliance
 r - a potion of curing
 s - a potion of resistance {unknown}
 v - 2 potions of haste
Comestibles
 f - 8 rations
 h - 2 chunks of flesh


   Skills:
 - Level 2.6 Fighting
 + Level 8.1 Axes
 - Level 3.2 Armour
 - Level 3.2 Shields


You had 5 spell levels left.
You didn't know any spells.
Your spell library was empty.

Dungeon Overview and Level Annotations

Branches:
Dungeon (4/15)
 Temple: D:4-7

Altars:
Ashenzari
Kikubaaqudgha
Wu Jian


Innate Abilities, Weirdness & Mutations

You are resistant to damage.
You can heal yourself by infusing magical energy.
You passively map a small area around you.
You do not regenerate.


Message History

You closely miss the worker ant. You block the worker ant's attack.
The worker ant bites you but does no damage.
Your scale mail prevents you from hitting the worker ant.
You slash the phantom! The phantom barely misses you.
You block the worker ant's attack. The phantom hits you!
* * * LOW HITPOINT WARNING * * *
The phantom blinks!
You slash the worker ant!
The worker ant is severely wounded.
You block the worker ant's attack.
You slash the worker ant!
You kill the worker ant!
You see here a worker ant corpse.
You miss the phantom.
The phantom is moderately damaged.
You block the phantom's attack.
You hit the phantom.
The phantom is moderately damaged.
The phantom hits you.
You die...

...#..........#... , ,
.............####
####......).......
............##....
######...........
#........###...
####.#..##..# #...
#######...........# #...
#......@....#.....#.....
#.......W..##.......#...
#..........##.(...###...
#.%........##<....# #...
#..........##.....# #...
#......^...#*.!...# ####
#..........# ,
#..........#* ##########


You could see a phantom.

Vanquished Creatures
  Sigmund (D:4)
  2 orc priests (D:3)
  An iguana (D:4)
  2 worker ants
  3 gnolls (D:2)
  4 adders
  3 worms
  A dart slug (D:2)
  2 leopard geckos
  9 orcs
  3 ball pythons
  7 bats
  7 giant cockroaches
  9 hobgoblins
  6 jackals
  3 quokkas
  11 frilled lizards
  8 goblins
  12 kobolds
  9 rats
103 creatures vanquished.

Vanquished Creatures (others)
  A plant (D:1)
1 creature vanquished.

Grand Total: 104 creatures vanquished

Notes
Turn   | Place    | Note
-------+----------+-------------------------------------------
     0 | D:1      | AverageBear the Deep Dwarf Fighter began the quest for the
                  | Orb.
     0 | D:1      | Reached XP level 1. HP: 20/20 MP: 1/1
   132 | D:1      | Reached skill level 3 in Axes
   141 | D:1      | Reached XP level 2. HP: 27/27 MP: 2/2
   468 | D:1      | Reached XP level 3. HP: 20/33 MP: 3/3
   474 | D:1      | Reached skill level 4 in Axes
  1190 | D:2      | Reached skill level 5 in Axes
  1190 | D:2      | Reached XP level 4. HP: 31/40 MP: 4/4
  1222 | D:2      | Found a shattered altar of Ashenzari.
  1492 | D:2      | Reached XP level 5. HP: 11/46 MP: 5/5
  1930 | D:3      | Reached skill level 6 in Axes
  2082 | D:3      | Found an ornate altar of the Wu Jian Council.
  2406 | D:4      | Found an ancient bone altar of Kikubaaqudgha.
  2489 | D:4      | Noticed Sigmund
  2495 | D:4      | Reached skill level 7 in Axes
  2495 | D:4      | Reached XP level 6. HP: 28/55 MP: 6/6
  2500 | D:4      | HP: 1/55 [something/wand of flame (15) (13)]
  2524 | D:4      | Killed Sigmund
  2524 | D:4      | Reached skill level 8 in Axes
  2674 | D:4      | Slain by a phantom

Vault maps used:
D:1:      tarquinn_simple_flora_water_d, serial_forest, infiniplex_forest_end_1,
          infiniplex_forest_straight_2, infiniplex_forest_clump_large,
          infiniplex_forest_clump_tiny, infiniplex_forest_lined_room_3,
          infiniplex_forest_clump_tiny, infiniplex_forest_split,
          infiniplex_forest_clump_diagonal, infiniplex_forest_corner_2,
          minmay_cupped
D:2:      evilmike_ruin_ashenzari, first_ration
D:3:      old_standard_altar, minmay_fountain_box
D:4:      tso_metal_star, kiku_gazebo_pond_becter, uniq_sigmund

Skill      XL: |  1  2  3  4  5  6 |
---------------+-------------------+-----
Axes           | 3 5 7 8 |  8.1
Fighting       | |  2.6
Armour         | |  3.2
Shields        | |  3.2

Action                   |  1- 3 |  4- 6 || total
-------------------------+-------+-------++-------
Melee: War axe           |   164 |   177 ||   341
 Abil: Heal Wounds       |     1 |     4 ||     5
  Use: Scroll            |       |     8 ||     8
       Potion            |       |     1 ||     1
  Eat: Chunk             |     1 |     5 ||     6
Armor: Scale mail        |    64 |    57 ||   121
Dodge: Dodged            |    72 |    44 ||   116
Block: Shield            |    78 |    80 ||   158

Table legend:
 A = Non-vault XP
 B = Vault XP
 C = Vault XP percentage of total XP
 D = Non-vault monster count
 E = Vault monster count
 F = Vault count percentage of total count
                 A         B        C        D         E       F
            +---------+---------+-------+---------+---------+-------
      Total |     449 |     212 |  32.1 |      98 |       5 |   4.9
            +---------+---------+-------+---------+---------+-------
        D:1 |      48 |       7 |  12.7 |      33 |       4 |  10.8
        D:2 |     150 |       0 |   0.0 |      29 |       0 |   0.0
        D:3 |     155 |       0 |   0.0 |      28 |       0 |   0.0
        D:4 |      96 |     205 |  68.1 |       8 |       1 |  11.1
            +---------+---------+-------+---------+---------+-------
